[Event "*** Titled Tuesday 3|2 Blitz"]
[Site "Chess.com"]
[Date "2015.02.24"]
[Round "6"]
[White "Gevorg_Harutjunyan"]
[Black "AkshatChandra"]
[Result "0-1"]
[WhiteElo "2510"]
[BlackElo "2488"]
[TimeControl "180+2"]
[EndTime "12:21:32 PST"]
[Termination "AkshatChandra won by resignation"]

1. e4 c5 2. Nc3 Nc6 3. Bb5 Na5 4. Be2 e6 5. f4 a6 6. Nf3 d5 7. d4 dxe4 8. Nxe4 cxd4 9. Qxd4 Qxd4 10. Nxd4 Bd7 11.
Be3 Be7 12. O-O-O Nf6 13. Ng5 Nd5 14. Bd2 Nc6 15. Nxc6 Bxc6 16. Bf3 Rc8 17. Kb1 O-O 18. Rhe1 Rfd8 19. f5 Bxg5 20. Bxg5 f6 21. Bd2 exf5 22. Ba5 b6 23. Bxb6 Nxb6 24. Rxd8+ Rxd8 25. Bxc6 Nc4 26. a4 Ne5 27. Bb7 a5 28. b4 axb4 29. a5 Nc4 30. a6 Kf7 31. a7 Nb6 32. Re3 Rd1+ 33. Ka2 Rd7 34. a8=Q Nxa8 35. Bxa8 Ra7+ 36. Kb3 Rxa8 37.
Kxb4 Rb8+ 38. Kc4 Rc8+ 39. Kb3 Rb8+ 40. Ka2 Ra8+ 41. Kb2 Rb8+ 42. Kc1 Rb5 43. c3 Re5 44. Rd3 Ke6 45. Kd2 f4 46. c4 g5 47. Rd8 Kf5 48.
Kd3 Re3+ 49. Kd2 Re5 50. Kd3 h5 51. Rh8 h4 52. Kd4 Re2 53. c5 Rxg2 54. c6 Rc2 55.
Kd5 Rd2+ 56. Kc5 f3 57. Ra8 Rc2+ 58. Kd6 f2 59. Ra1 g4 60. c7 Rxc7 61. Kxc7 g3 62.
hxg3 hxg3 63. Rf1 Kg4 64. Kd6 f5 65. Ke5 g2 66. Rxf2 g1=Q 67. Rf4+ Kg3 68. Rxf5 Qe3+ 69. Kf6 Kg4 70. Re5 Qd4 71. Ke6 Kf4 72. Rd5 Qc4 73. Kd6 Ke4 74. Re5+ Kd4 75. Rf5 Qa6+ 76. Ke7 Qb7+ 77.
Ke6 Qc6+ 78. Ke7 Ke4 79. Rf6 Qc7+ 80. Ke6 Qc4+ 81. Kd6 Qd4+ 82. Ke6 Qd5+ 83. Ke7 Ke5 84.
Rf8 Qb7+ 85. Kd8 Ke6 86. Re8+ Kd6 0-1

[Event "*** Titled Tuesday 3|2 Blitz"]
[Site "Chess.com"]
[Date "2015.02.24"]
[Round "6"]
[White "MattyDPerrine"]
[Black "AlexanderL"]
[Result "0-1"]
[WhiteElo "2055"]
[BlackElo "2511"]
[TimeControl "180+2"]
[EndTime "12:21:33 PST"]
[Termination "AlexanderL won by resignation"]

1. d4 e6 2. c4 b6 3. Nc3 Bb7 4. Qc2 f5 5. Nf3 Nf6 6. g3 g6 7. Bg2 Bg7 8. O-O O-O 9. Rd1 Qe7 10. b3 d6 11. Ba3 c5 12. Rac1 Nc6 13. d5 exd5 14.
Nxd5 Nxd5 15. cxd5 Ne5 16. Bb2 Rae8 17. e3 Ng4 18.
Bxg7 Qxg7 19. Ng5 Qh6 20. h4 Bc8 21. Ne6 Rf6 22. Bf3 Ne5 23. Bg2 Nf7 24. Qd2 Bxe6 25.
dxe6 Rfxe6 26. Bd5 Rf6 27. Bc6 Re7 28. Bd5 Kg7 29. f4 Qh5 30. Rf1 Nh6 31. Bf3 Ng4 32. Rce1 Rfe6 33. Re2 Qh6 34. Bxg4 fxg4 35. Rfe1 Kf7 36. e4 Qg7 37. Kg2 Qd4 38. Qxd4 cxd4 39. e5 d3 40. Rd2 dxe5 41. fxe5 Rxe5 42. Rf1+ Rf5 43. Rxf5+ gxf5 44. Rxd3 Re2+ 45. Kf1 Rxa2 46. Rd7+ Kf6 47. Rxh7 Ra3 48. Kf2 a5 49. Rc7 Rxb3 50. Rc6+ Ke5 51. h5 f4 52. gxf4+ Kxf4 53. h6 Rb2+ 54. Kf1 b5 55. Rc5 Rb1+ 56. Kg2 Rb2+ 57. Kg1 b4 58. Rxa5 Kg3 59. Kf1 Rh2 60. Rb5 Rh1+ 61.
Ke2 Rxh6 62. Rxb4 Rf6 63. Re4 Kh3 64. Re8 g3 65. Rh8+ Kg2 66. Rg8 Re6+ 67. Kd2 Kf2 68.
Rf8+ Kg1 69. Rg8 g2 70. Rg5 Re4 71. Kd3 Re8 72. Rg6 Re5 73. Kd4 Re1 74. Kd3 Kf2 75.
Rf6+ Kg1 76. Rg6 Re5 77. Kd4 Rh5 78. Ke3 Kh2 79. Kf3 g1=Q 0-1

[Event "*** Titled Tuesday 3|2 Blitz"]
[Site "Chess.com"]
[Date "2015.02.24"]
[Round "7"]
[White "Hafez_Bakr"]
[Black "facu57"]
[Result "0-1"]
[WhiteElo "1814"]
[BlackElo "2026"]
[TimeControl "180+2"]
[EndTime "12:25:17 PST"]
[Termination "facu57 won by resignation"]

1. e4 c6 2. d4 d5 3. Nc3 dxe4 4.
Nxe4 Nf6 5. Nxf6+ exf6 6. Nf3 Bd6 7. Be3 Bg4 8. h3 Bh5 9. c3 O-O 10. Bd3 Re8 11. g4 Bg6 12. Bxg6 hxg6 13. Qd2 Nd7 14. O-O-O a5 15. Bf4 Nb6 16. Bxd6 Qxd6 17. Rde1 Qd5 18. Qd3 Qxa2 19. Nd2 a4 20. Qb1 Qd5 21. f3 a3 22.
bxa3 Na4 23. Qb4 b5 24. Ne4 Qa2 25. Re2 Qxe2 0-1

[Event "*** Titled Tuesday 3|2 Blitz"]
[Site "Chess.com"]
[Date "2015.02.24"]
[Round "7"]
[White "AndreyOstrovskiy"]
[Black "guillead1"]
[Result "1-0"]
[WhiteElo "2336"]
[BlackElo "2250"]
[TimeControl "180+2"]
[EndTime "12:26:13 PST"]
[Termination "AndreyOstrovskiy won by resignation"]

1. e4 g6 2. d4 Bg7 3. Nc3 c6 4.
h3 d5 5. Nf3 Nf6 6. e5 Ne4 7.
Nxe4 dxe4 8. Ng5 c5 9. Nxe4 cxd4 10. f4 O-O 11. Bc4 b5 12. Bb3 Bb7 13. Qe2 Qb6 14.
Bd2 a5 15. a4 b4 16. h4 Qc6 17. Ng5 Qxg2 18. Qxg2 Bxg2 19. Rh2 Bb7 20. h5 gxh5 21.
O-O-O h6 22. Rg1 hxg5 23. Rxg5 Bf3 24. f5 Ra6 25. Rf2 Be4 26. f6 exf6 27. exf6 Nd7 28. fxg7 Rd8 29. Bxf7+ 1-0

[Event "*** Titled Tuesday 3|2 Blitz"]
[Site "Chess.com"]
[Date "2015.02.24"]
[Round "7"]
[White "Danirod"]
[Black "kesarev"]
[Result "1/2-1/2"]
[WhiteElo "2349"]
[BlackElo "2259"]
[TimeControl "180+2"]
[EndTime "12:26:58 PST"]
[Termination "Game drawn by repetition"]

1. e4 g6 2. d4 Bg7 3. Nc3 c5 4.
dxc5 Bxc3+ 5. bxc3 Qa5 6. Qd4 Nf6 7. Qb4 Nc6 8. Qxa5 Nxa5 9. Bd3 b6 10. cxb6 axb6 11.
Ne2 d6 12. Bg5 Nd7 13. Nd4 Nc5 14. Kd2 f6 15. Be3 Ba6 16. f3 Kd7 17. Rhb1 Rhb8 18. Nb3 Nc4+ 19. Bxc4 Bxc4 20. Nxc5+ bxc5 21. Rxb8 Rxb8 22. a4 Kc6 23. a5 Kb7 24. Rb1+ Ka7 25. Rxb8 Kxb8 26.
f4 Kb7 27. e5 Ka6 28. exd6 exd6 29. f5 gxf5 30. Bf4 Kxa5 31. Bxd6 Kb5 32. Be7 Bd5 33. g3 Kc4 34. Bxf6 Be4 35. Be5 Kd5 36. Bg7 Ke6 37. c4 Kd6 38. Bf8+ Kc6 39. Be7 Bg2 40. Ke3 Bf1 41.
Kf4 Bxc4 42. Kxf5 Be2 43. g4 c4 44. c3 Kd7 45. Bf6 Ke8 46. h4 Kf7 47. Bd4 Bd3+ 48.
Kg5 Bc2 49. Kh6 Bb1 50. h5 Bc2 51. g5 Bb1 52. Be5 Bc2 53. Bd4 Bb1 54. Bf6 Bc2 55.
Bd4 Bb1 56. Be5 Bc2 57. Bd4 Bb1 1/2-1/2

[Event "*** Titled Tuesday 3|2 Blitz"]
[Site "Chess.com"]
[Date "2015.02.24"]
[Round "7"]
[White "Hikaru"]
[Black "tac49"]
[Result "1-0"]
[WhiteElo "2844"]
[BlackElo "2394"]
[TimeControl "180+2"]
[EndTime "12:27:23 PST"]
[Termination "Hikaru won by resignation"]

1. b3 e5 2. Bb2 Nc6 3. e3 Nf6 4.
Bb5 Bd6 5. Na3 O-O 6. Nc4 Qe7 7.
Nxd6 Qxd6 8. Nf3 e4 9. Nd4 Nxd4 10. Bxd4 Qe7 11. Be2 d6 12. O-O Bd7 13. f3 exf3 14.
Bxf3 Ne4 15. Qe1 Bc6 16. d3 Ng5 17. Bxc6 bxc6 18. Qg3 Ne6 19. Bf6 Qd7 20. Rf5 Kh8 21. Rh5 gxf6 22. Qh3 Kg8 23. Rxh7 1-0

[Event "*** Titled Tuesday 3|2 Blitz"]
[Site "Chess.com"]
[Date "2015.02.24"]
[Round "7"]
[White "SuPeR_Fm"]
[Black "stepanosinovsky"]
[Result "0-1"]
[WhiteElo "2306"]
[BlackElo "2250"]
[TimeControl "180+2"]
[EndTime "12:27:52 PST"]
[Termination "stepanosinovsky won by resignation"]

1. Nf3 Nf6 2. c4 g6 3. Nc3 Bg7 4. e4 d6 5. d4 O-O 6. Be2 Nbd7 7. Be3 e5 8. d5 Nc5 9. Nd2 a5 10. a3 Ne8 11. b4 Nd7 12. O-O f5 13. f3 b6 14. Nb3 axb4 15. axb4 Rxa1 16. Qxa1 Nef6 17.
c5 bxc5 18. bxc5 Nh5 19. Re1 Nf4 20. Bf1 Kh8 21. Qa5 fxe4 22. fxe4 Nf6 23. cxd6 Ng4 24.
dxc7 Qh4 25. Bxf4 exf4 26. h3 Qf2+ 27. Kh1 Qxe1 0-1

[Event "*** Titled Tuesday 3|2 Blitz"]
[Site "Chess.com"]
[Date "2015.02.24"]
[Round "7"]
[White "GulamaliRises"]
[Black "destroyer305"]
[Result "1-0"]
[WhiteElo "2332"]
[BlackElo "2123"]
[TimeControl "180+2"]
[EndTime "12:28:20 PST"]
[Termination "GulamaliRises won by checkmate"]

1. e4 c5 2. Nf3 g6 3. d4 cxd4 4.
Qxd4 Nf6 5. e5 Nc6 6. Qa4 Nd5 7. Qe4 Ndb4 8. a3 d5 9. Qe2 Na6 10. b4 Nc7 11. Bb2 Bg7 12. Nbd2 O-O 13. Nb3 Bg4 14. b5 Bxf3 15. gxf3 Nb8 16. f4 e6 17. a4 Nd7 18. h4 Nb6 19. Na5 Qd7 20. h5 Rac8 21. Bd4 Nc4 22. Nb3 b6 23. Qg4 Qe7 24. c3 Ne8 25. Qh3 Bh8 26. Bd3 f5 27. hxg6 Nb2 28.
gxh7+ Kf7 29. Qh5+ Kg7 30. Be2 Rf7 31. Qh6# 1-0

[Event "*** Titled Tuesday 3|2 Blitz"]
[Site "Chess.com"]
[Date "2015.02.24"]
[Round "7"]
[White "PauloCesarCosta"]
[Black "ChessTrener"]
[Result "0-1"]
[WhiteElo "2063"]
[BlackElo "2475"]
[TimeControl "180+2"]
[EndTime "12:28:24 PST"]
[Termination "ChessTrener won on time"]

1. Nf3 Nf6 2. c4 c5 3. g3 b6 4. Bg2 Bb7 5. O-O g6 6. Nc3 Bg7 7. d4 cxd4 8. Qxd4 d6 9. Bg5 Nbd7 10. Rad1 Rc8 11. b3 a6 12. Qd2 h6 13. Be3 g5 14.
Nd4 Bxg2 15. Kxg2 Ng4 16. Nd5 e6 17. Nc3 O-O 18. h3 Nxe3+ 19. Qxe3 Qc7 20. a4 d5 21. cxd5 Qxc3 22. Qxc3 Rxc3 23. dxe6 fxe6 24. Nxe6 Rf7 25.
Nxg7 Kxg7 26. b4 Re7 27. e3 Rc4 28. b5 Rxa4 29. bxa6 Rxa6 30. Rd6 Nf6 31. Rfd1 Rf7 32. R1d4 Ra2 33. Rd2 Rxd2 34. Rxd2 Ne4 35. Rb2 Rxf2+ 36.
Rxf2 Nxf2 37. Kxf2 Kf6 38. Ke2 Ke5 39. Kd3 b5 40. h4 g4 0-1

[Event "*** Titled Tuesday 3|2 Blitz"]
[Site "Chess.com"]
[Date "2015.02.24"]
[Round "7"]
[White "exoticprincess"]
[Black "GeorgMeier"]
[Result "1-0"]
[WhiteElo "2827"]
[BlackElo "2666"]
[TimeControl "180+2"]
[EndTime "12:28:30 PST"]
[Termination "exoticprincess won by resignation"]

1. d4 Nf6 2. Nc3 d5 3. Bf4 a6 4. Qd2 e6 5. f3 b5 6. a3 b4 7. axb4 Bxb4 8. e3 Nbd7 9. Bd3 O-O 10. Nge2 c5 11. b3 Bb7 12. O-O Rc8 13. Bd6 Re8 14.
Bxa6 Qb6 15. Bxb7 Qxb7 16. dxc5 Nxc5 17. Qd4 Nfd7 18. e4 Bxc3 19. Nxc3 Qc6 20. Bg3 Nxb3 21. cxb3 Qxc3 22. Qxc3 Rxc3 23. exd5 exd5 24. b4 Nb6 25. b5 d4 26. Bf2 Rd8 27. Ra6 Nc4 28. Bxd4 Rb3 29. Rc1 Nd2 30. Rd6 Re8 31. b6 h5 32.
Rd7 Re2 33. b7 Kh7 34. Rxf7 Kg6 35. Rxg7+ Kf5 36. h4 1-0

[Event "*** Titled Tuesday 3|2 Blitz"]
[Site "Chess.com"]
[Date "2015.02.24"]
[Round "7"]
[White "9ShMat2"]
[Black "BeerLag"]
[Result "1-0"]
[WhiteElo "2456"]
[BlackElo "2397"]
[TimeControl "180+2"]
[EndTime "12:28:42 PST"]
[Termination "9ShMat2 won by checkmate"]

1. e4 c5 2. c3 d5 3. exd5 Qxd5 4.
d4 Nc6 5. Nf3 Bg4 6. dxc5 Bxf3 7. Qxf3 Qxf3 8. gxf3 e6 9. b4 a5 10. Bb5 Nf6 11. Bb2 Nd5 12. a3 Be7 13. Nd2 O-O 14. O-O-O Rfc8 15. Bxc6 Rxc6 16. Rhg1 g6 17. Kc2 axb4 18.
cxb4 b6 19. Nc4 bxc5 20. b5 Rc7 21. Kb3 Rca7 22. Rge1 Bh4 23. Re2 h5 24. Ra1 Ra4 25.
Ne5 Nb6 26. Re4 Be7 27. Nc4 Nd5 28. Rd1 Kf8 29. Ne5 R4a7 30. Nc6 Rb7 31. a4 Bd6 32. f4 Rc8 33. Kc2 Ra8 34. Rd3 Bxf4 35. Rxd5 exd5 36. Rxf4 g5 37. Rf5 Rxa4 38. Rxd5 Rxb5 39. Rd8# 1-0

[Event "*** Titled Tuesday 3|2 Blitz"]
[Site "Chess.com"]
[Date "2015.02.24"]
[Round "7"]
[White "LuckyTiger"]
[Black "manitodeplomo"]
[Result "1-0"]
[WhiteElo "2496"]
[BlackElo "2325"]
[TimeControl "180+2"]
[EndTime "12:28:43 PST"]
[Termination "LuckyTiger won on time"]

1. e4 g6 2. d4 Bg7 3. Nc3 c5 4. dxc5 Bxc3+ 5. bxc3 Nf6 6. Bd3 Qa5 7. Ne2 Qxc5 8. a4 d6 9. O-O O-O 10. Kh1 Nbd7 11.
f4 b6 12. c4 Ba6 13. Ba3 Qc7 14. Nd4 Bxc4 15. Nb5 Bxb5 16. axb5 Nc5 17. Qe2 d5 18. exd5 Nxd5 19. f5 Nf4 20. Qe3 Nfxd3 21. cxd3 Rfe8 22. Bb2 Qd6 23. Qh6 e5 24. fxe6 Nxe6 25. Rxf7 Kxf7 26. Qxh7+ Kf8 27. Rf1+ 1-0

[Event "*** Titled Tuesday 3|2 Blitz"]
[Site "Chess.com"]
[Date "2015.02.24"]
[Round "7"]
[White "FytNob"]
[Black "DoctorMove"]
[Result "1-0"]
[WhiteElo "1870"]
[BlackElo "1760"]
[TimeControl "180+2"]
[EndTime "12:28:43 PST"]
[Termination "FytNob won by resignation"]

1. d4 d5 2. c4 e6 3. Nc3 Nf6 4. Nf3 Be7 5. Bf4 O-O 6. e3 c5 7. dxc5 Bxc5 8. cxd5 exd5 9. Bd3 Nc6 10. Ne5 d4 11. Nxc6 bxc6 12. Na4 Qa5+ 13. Ke2 dxe3 14. Nxc5 exf2 15. Qc2 Ng4 16. h3 Re8+ 17. Kf3 Ne5+ 18. Kxf2 Nxd3+ 19. Nxd3 Qb6+ 20. Nc5 Ba6 21. Rhe1 Bd3 22. Qc3 Red8 23. Kg1 Rd5 24. Rac1 Rad8 25. Kh1 Bg6 26. b4 a5 27. a3 axb4 28. axb4 Qb5 29. Qc4 Qxc4 30. Rxc4 h6 31. Nb7 Rb8 32. Na5 c5 33.
Rxc5 Rd4 34. Bxb8 1-0

[Event "*** Titled Tuesday 3|2 Blitz"]
[Site "Chess.com"]
[Date "2015.02.24"]
[Round "7"]
[White "EltajSafarli"]
[Black "pedromartinez91"]
[Result "1-0"]
[WhiteElo "2629"]
[BlackElo "2145"]
[TimeControl "180+2"]
[EndTime "12:28:55 PST"]
[Termination "EltajSafarli won by resignation"]

1. e4 e6 2. d4 d5 3. Nd2 Nf6 4.
Bd3 c5 5. c3 Nc6 6. Ngf3 cxd4 7. cxd4 Be7 8. O-O Qb6 9. e5 Nd7 10. Nb3 a5 11. a4 Ndb8 12. h4 h6 13. Be3 Nb4 14. Bb1 Bd7 15. Nc5 N8a6 16. Nxd7 Kxd7 17.
Nd2 Ke8 18. Ra3 Nc6 19. Rb3 Nab4 20. Qg4 Kf8 21. f4 h5 22. Qg3 g6 23. Nf3 Rg8 24. f5 exf5 25. Bxf5 Ke8 26. e6 Nd8 27. exf7+ Nxf7 28. Bh3 Ra6 29. Bd2 Qd6 30. Ne5 Nxe5 31. dxe5 Qc5+ 32.
Kh1 Qc4 33. Rc1 Qxh4 34. Rc8+ Kf7 35. e6+ Kg7 36. Rxg8+ Kxg8 37. Qxg6+ 1-0

[Event "*** Titled Tuesday 3|2 Blitz"]
[Site "Chess.com"]
[Date "2015.02.24"]
[Round "7"]
[White "Tilicheev_Viacheslav"]
[Black "MinhGTrAn"]
[Result "1-0"]
[WhiteElo "2543"]
[BlackElo "2453"]
[TimeControl "180+2"]
[EndTime "12:29:01 PST"]
[Termination "Tilicheev_Viacheslav won on time"]

1. e4 e6 2. d4 d5 3. Nd2 Nf6 4. e5 Nfd7 5. f4 c5 6. c3 Nc6 7. Ndf3 Qb6 8. Kf2 f6 9. Kg3 fxe5 10.
fxe5 Be7 11. h4 O-O 12. Nh3 cxd4 13. cxd4 Rxf3+ 14. gxf3 Nxd4 15. f4 Nf5+ 16. Kh2 Nc5 17.
Bd3 Nxd3 18. Qxd3 Bd7 19. Bd2 Bxh4 20. Rhg1 Bb5 21. Qf3 Bc6 22. Qb3 Qa6 23. Rg2 d4 24.
Qxe6+ Kh8 25. Rag1 Qd3 26. Bb4 Bxg2 27. Rxg2 1-0

[Event "*** Titled Tuesday 3|2 Blitz"]
[Site "Chess.com"]
[Date "2015.02.24"]
[Round "7"]
[White "Carolina-moon"]
[Black "Colombiano07"]
[Result "0-1"]
[WhiteElo "1913"]
[BlackElo "2015"]
[TimeControl "180+2"]
[EndTime "12:29:06 PST"]
[Termination "Colombiano07 won by resignation"]

1. e4 c5 2. a3 Nc6 3. b4 cxb4 4.
axb4 Nxb4 5. c3 Nc6 6. d4 d5 7.
e5 Bf5 8. Ne2 e6 9. Ng3 Bg6 10.
h4 h5 11. Be2 Be7 12. Nxh5 Bxh5 13.
Bxh5 Bxh4 14. Qg4 g6 15. Bxg6 fxg6 16. Qxe6+ Nge7 17. g3 Bf6 18. exf6 Rxh1+ 19. Kd2 Qd7 20. Qxd7+ Kxd7 21. fxe7 Nxe7 22. Na3 a6 23. Nc2 Rf8 24. Ke2 Nf5 25. Rb1 b5 26. Ra1 Nd6 27. Ne3 Ke6 28. Ng2 Ne4 29. Nf4+ Kd7 30. Rxa6 Rxc1 31. Nxd5 Nxc3+ 32. Nxc3 Rxc3 33. Rxg6 Rc2+ 34. Ke3 Rcxf2 35. Rg7+ R2f7 36.
Rxf7+ Rxf7 0-1

[Event "*** Titled Tuesday 3|2 Blitz"]
[Site "Chess.com"]
[Date "2015.02.24"]
[Round "7"]
[White "alturas_pacificas"]
[Black "ilmago"]
[Result "1-0"]
[WhiteElo "2072"]
[BlackElo "1887"]
[TimeControl "180+2"]
[EndTime "12:29:20 PST"]
[Termination "alturas_pacificas won by resignation"]

1. d4 Nf6 2. Bf4 d6 3. e3 g6 4. Be2 Bg7 5. Nf3 O-O 6. O-O Nbd7 7. h3 e5 8. dxe5 Nh5 9. Bg5 f6 10. exf6 Nhxf6 11. c3 h6 12. Bf4 g5 13. Bg3 Ne4 14. Bh2 Ndf6 15. Nbd2 Nc5 16. Nb3 Nce4 17. Nfd2 Bf5 18.
Nxe4 Bxe4 19. Bf3 Qe7 20. Bxe4 Nxe4 21. Qd5+ Kh8 22. Qxb7 Rab8 23. Qxa7 h5 24. Rad1 Rb5 25.
Qa4 Rbf5 26. f3 Nc5 27. Nxc5 Qxe3+ 28. Kh1 Qxc5 29. Bg1 Qe5 30. Bd4 Qg3 31. Bxg7+ Kxg7 32. Qd4+ Kg6 33. Rde1 R8f6 34. Qc4 d5 35. Qd4 g4 36. Qf2 Qd6 37. Qh4 gxf3 38. Rxf3 Rxf3 39. gxf3 Rxf3 40.
Rg1+ Kh6 41. Qg5+ 1-0

[Event "*** Titled Tuesday 3|2 Blitz"]
[Site "Chess.com"]
[Date "2015.02.24"]
[Round "7"]
[White "AkshatChandra"]
[Black "LyonBeast"]
[Result "0-1"]
[WhiteElo "2475"]
[BlackElo "2773"]
[TimeControl "180+2"]
[EndTime "12:29:33 PST"]
[Termination "LyonBeast won by resignation"]

1. e4 c6 2. d4 d5 3. Nc3 dxe4 4.
Nxe4 Nd7 5. Nf3 Ngf6 6. Nxf6+ Nxf6 7. Be2 Bf5 8. O-O e6 9. c4 Bd6 10. h3 O-O 11. b3 Re8 12. Bb2 Bc7 13. Bd3 Bxd3 14.
Qxd3 e5 15. Qc2 e4 16. Ne5 c5 17. Rad1 cxd4 18. Bxd4 Qe7 19. f4 Rad8 20. Bb2 Nh5 21. Rxd8 Rxd8 22. c5 f6 23. Qc4+ Kf8 24. c6 b5 25.
Qxb5 fxe5 26. fxe5+ Kg8 27. e6 Ng3 28. Rf7 Rd1+ 29.
Kf2 Rf1+ 30. Qxf1 Qc5+ 31. Ke1 Ba5+ 32. Kd1 Nxf1 33. Rxg7+ Kf8 34. Rf7+ Ke8 35. Rxf1 Qd5+ 36. Kc1 Qd2+ 37. Kb1 Qd3+ 38. Kc1 Bd2+ 39. Kd1 Bc3+ 40. Kc1 Qd2+ 0-1

[Event "*** Titled Tuesday 3|2 Blitz"]
[Site "Chess.com"]
[Date "2015.02.24"]
[Round "7"]
[White "rhungaski"]
[Black "bugsbunny444"]
[Result "0-1"]
[WhiteElo "2432"]
[BlackElo "2363"]
[TimeControl "180+2"]
[EndTime "12:29:42 PST"]
[Termination "bugsbunny444 won by checkmate"]

1. d4 e6 2. c4 b6 3. e4 Bb7 4. f3 f5 5. exf5 Nh6 6. Be3 Nxf5 7. Bf2 Be7 8. Nc3 O-O 9. Bd3 Bh4 10.
Bxf5 Bxf2+ 11. Kxf2 Rxf5 12. Nge2 Qh4+ 13. Ng3 Nc6 14. Ne2 Raf8 15. Qd2 Ne7 16. Raf1 R5f7 17. Ke1 Nf5 18. Kd1 c5 19. Nxf5 Rxf5 20. b3 d5 21.
dxc5 dxc4 22. Kc1 cxb3 23. axb3 Rxc5+ 24. Kb2 Rd8 25. Qe3 Qf6+ 26. Nc3 Re5 27. Qf2 Rd3 28. Rd1 Rxc3 29. Kxc3 Rc5+ 30. Kd2 Qc3+ 31. Ke2 Ba6+ 32. Rd3 Qxd3+ 33. Ke1 Rc1# 0-1

[Event "*** Titled Tuesday 3|2 Blitz"]
[Site "Chess.com"]
[Date "2015.02.24"]
[Round "7"]
[White "xtremeungar"]
[Black "MattyDPerrine"]
[Result "1-0"]
[WhiteElo "2277"]
[BlackElo "2051"]
[TimeControl "180+2"]
[EndTime "12:29:43 PST"]
[Termination "xtremeungar won on time"]

1. e4 c5 2. Nf3 e6 3. d4 cxd4 4.
Nxd4 Nf6 5. Nc3 d6 6. g4 a6 7. g5 Nfd7 8. h4 Nc6 9. Be3 Qc7 10. Bg2 Nde5 11. Qe2 b5 12. Nxc6 Nxc6 13. O-O-O Bb7 14. Kb1 Be7 15. f4 O-O-O 16. f5 Ne5 17. fxe6 fxe6 18.
Bh3 Qd7 19. Nd5 Kb8 20. Qd2 Nc4 21. Qd4 Nxe3 22. Qxe3 Rhe8 23. Rhf1 Bf8 24. Qb3 Qc6 25.
Nc3 Qc4 26. Rf7 Qxb3 27. axb3 b4 28. Na4 Bxe4 29. Rd4 d5 30. Rxf8 Rxf8 31. Rxb4+ Ka7 32. Nc5 Rf3 33. Bxe6 1-0

[Event "*** Titled Tuesday 3|2 Blitz"]
[Site "Chess.com"]
[Date "2015.02.24"]
[Round "7"]
[White "LADIESGET2KNOWME"]
[Black "Chesseducation4u"]
[Result "1/2-1/2"]
[WhiteElo "2292"]
[BlackElo "2223"]
[TimeControl "180+2"]
[EndTime "12:29:44 PST"]
[Termination "Game drawn by agreement"]

1. d4 Nf6 2. Nc3 g6 3. e4 d6 4. f3 Bg7 5. Be3 a6 6. Qd2 b5 7. g4 h5 8. g5 Nfd7 9. f4 Bb7 10. Bd3 Nc6 11. Nce2 e6 12. Nf3 Ne7 13. a4 c6 14.
c3 Qc7 15. h4 c5 16. axb5 axb5 17. Rxa8+ Bxa8 18. Ng3 c4 19. Bc2 d5 20. e5 Nf5 21.
Kf2 Ke7 22. Ra1 Bb7 23. Qc1 Ra8 24. Rxa8 Bxa8 25. Qa1 Bc6 26. Qa3+ Ke8 27. Qa6 Bf8 28. Bd2 Be7 29. Nf1 Qb6 30. Qxb6 Nxb6 31. Ne3 Nxe3 32. Kxe3 Kd7 33. Ng1 Na8 34. Ne2 Nc7 35. Nc1 Na6 36.
b4 Nc7 37. Ne2 Ne8 38. Ng3 Ng7 39. Bd1 Bb7 40. Kf3 Bc6 41. Ke3 1/2-1/2

[Event "*** Titled Tuesday 3|2 Blitz"]
[Site "Chess.com"]
[Date "2015.02.24"]
[Round "7"]
[White "pKiLz5Rn9b"]
[Black "bsmail"]
[Result "0-1"]
[WhiteElo "2234"]
[BlackElo "2112"]
[TimeControl "180+2"]
[EndTime "12:30:03 PST"]
[Termination "bsmail won by resignation"]

1. b3 e5 2. Bb2 Nc6 3. e3 Nf6 4. Bb5 e4 5. Ne2 Bc5 6. O-O O-O 7. f4 exf3 8. Rxf3 d6 9. Nf4 Bg4 10. Bxc6 bxc6 11. Nc3 Bxf3 12. Qxf3 d5 13. Rf1 Qe7 14. Na4 Bd6 15. Nh5 Nxh5 16. Qxh5 f6 17.
Rf3 Be5 18. Rh3 g6 19. Ba3 Bd6 20. Bxd6 cxd6 21. Qg4 f5 22. Qf4 Qe5 23. Qh6 Rf7 24. Nc3 d4 25. Ne2 dxe3 26. Rxe3 Qa1+ 27. Kf2 Qg7 28. Qf4 Qf6 29. Rd3 d5 30. Nd4 Re8 31. Nf3 Qe6 32. Re3 Qd7 33. Ne5 Qc7 34. Qd4 Rfe7 35.
Nf3 Rxe3 36. dxe3 Qb6 37. Qf4 Re4 38. Qh6 f4 39. h3 Qxe3+ 40. Kf1 Qc1+ 41. Kf2 Qxc2+ 42.
Kg1 Qc5+ 43. Kh2 Qf8 44. Qh4 Re2 45. Ng5 h5 46. Nf3 Kg7 47. Qg5 Qf5 48. Qd8 Qe4 49. Kh1 Rxg2 50. Kxg2 Qe2+ 51. Kg1 Qxf3 52. Qe7+ Kg8 53.
Qe8+ Kg7 54. Qe7+ Kh6 55. h4 Qe3+ 56. Qxe3 fxe3 57. Kf1 g5 0-1

[Event "*** Titled Tuesday 3|2 Blitz"]
[Site "Chess.com"]
[Date "2015.02.24"]
[Round "7"]
[White "Inopov"]
[Black "Argente"]
[Result "1-0"]
[WhiteElo "2458"]
[BlackElo "2199"]
[TimeControl "180+2"]
[EndTime "12:30:17 PST"]
[Termination "Inopov won on time"]

1. d4 d5 2. c4 c6 3. cxd5 cxd5 4.
Nc3 Nf6 5. Bf4 a6 6. e3 Nc6 7.
Bd3 e6 8. Rc1 Be7 9. Nf3 Bd7 10.
O-O Nh5 11. Be5 f6 12. Nh4 g6 13. Bg3 Nxg3 14. hxg3 f5 15. Nf3 O-O 16. Ne5 Nxe5 17.
dxe5 Rc8 18. Qb3 b5 19. Ne2 Qa5 20. a3 Kf7 21. Nd4 Qd2 22. Rcd1 Qa5 23. f3 Kg7 24.
Kh2 Rc7 25. Bb1 Rc4 26. Bd3 Rc7 27. e4 fxe4 28. fxe4 Rxf1 29. Rxf1 Qd2 30. Rf4 Bc5 31. Nf3 Qf2 32. exd5 Be3 33. Rf6 Rc1 34. dxe6 Be8 35. e7 h6 36. Qe6 1-0

[Event "*** Titled Tuesday 3|2 Blitz"]
[Site "Chess.com"]
[Date "2015.02.24"]
[Round "7"]
[White "AlexanderL"]
[Black "gmjlh"]
[Result "0-1"]
[WhiteElo "2502"]
[BlackElo "2505"]
[TimeControl "180+2"]
[EndTime "12:30:28 PST"]
[Termination "gmjlh won by resignation"]

1. g3 d5 2. Bg2 e5 3. d3 Nf6 4.
Bg5 Be7 5. c4 dxc4 6. Qa4+ c6 7.
Qxc4 Qb6 8. Qc2 Ng4 9. Be3 Nxe3 10. fxe3 Qxe3 11. Nf3 O-O 12. Nbd2 f6 13. Qb3+ Kh8 14. Nc4 Qc5 15. Rf1 Na6 16. a3 Rb8 17. Qc3 Be6 18. Nfd2 Qb5 19. Rc1 Nc5 20. b4 Na4 21. Qc2 Nb6 22.
Be4 Bg8 23. Ne3 Rfd8 24. Ndc4 Qa4 25. Qb2 Nxc4 26. dxc4 a5 27. Nf5 Bf8 28. c5 axb4 29. axb4 b6 30. Bc2 Qa7 31. Ra1 Qc7 32. Bb3 Bxb3 33.
Qxb3 bxc5 34. Qe6 cxb4 35. Rb1 Qd7 36. Qc4 Qd5 37. Qg4 b3 38. Kf2 b2 39. Kg1 Rb4 40.
Qh3 Qe4 41. e3 Rd2 42. Nh4 Qxe3+ 43. Kh1 Qe4+ 44. Nf3 Rf2 45. Rxf2 Qxb1+ 46. Kg2 Qg6 47. Qc8 Kg8 48. Ng5 b1=Q 49. Qe6+ Kh8 50. Nf7+ Qxf7 51. Qxf7 Qe4+ 52. Kh3 Qg4+ 53. Kg2 Qe4+ 54. Kh3 Rb8 55.
Rd2 Qg6 56. Qc7 Qe8 57. Rd7 Rc8 58. Qb7 e4 0-1

[Event "*** Titled Tuesday 3|2 Blitz"]
[Site "Chess.com"]
[Date "2015.02.24"]
[Round "7"]
[White "DanielNaroditsky"]
[Black "chito89"]
[Result "1-0"]
[WhiteElo "2585"]
[BlackElo "2577"]
[TimeControl "180+2"]
[EndTime "12:30:32 PST"]
[Termination "DanielNaroditsky won on time"]

1. e4 g6 2. d4 Bg7 3. Nc3 d6 4. f4 Nf6 5. Nf3 O-O 6. Bd3 Nc6 7. e5 dxe5 8. fxe5 Nd5 9. O-O Nb6 10.
Ne2 Bg4 11. c3 f6 12. exf6 exf6 13. h3 Be6 14. Nf4 Bf7 15. Nh2 Qd7 16. Ng4 f5 17. Ne3 Rfe8 18. Qf3 Rad8 19. g4 fxg4 20. hxg4 Bh6 21.
Qg3 Qe7 22. Bd2 Bg5 23. Rf3 Qd6 24. Raf1 Bxa2 25. Qg2 Rf8 26. Nf5 Qd7 27. Ne6 Bxe6 28. Bxg5 Bd5 29. Nh6+ Kg7 30. Rxf8 Rxf8 31. Rxf8 Kxf8 32.
Qf2+ Ke8 33. Qf6 Qd6 34. Qh8+ Kd7 35. Qxh7+ Kc8 36. Qh8+ Kd7 37. Qg7+ Kc8 38. Bh4 Qf4 39. Qh8+ Kd7 40. Qg7+ Kc8 41. Qxg6 Qc1+ 42. Bf1 Nc4 43. Qe8+ 1-0